 Dungeon Crawl Stone Soup version 0.19.0 (webtiles) character file.

39690 gg19 the Sharpshooter (level 13, -8/116 HPs)
             Began as a Centaur Hunter on Nov 11, 2016.
             Was a Priest of Trog.
             Mangled by an eight-headed hydra (9 damage)
             ... on level 6 of the Lair of Beasts.
             The game lasted 00:58:43 (26975 turns).

gg19 the Sharpshooter (Centaur Hunter)             Turns: 26975, Time: 00:58:43

Health: -8/116     AC: 13    Str: 22    XL:     13   Next: 70%
Magic:  12/13      EV:  9    Int: 10    God:    Trog [***...]
Gold:   1301       SH:  2    Dex: 18    Spells: 0 memorised, 12 levels left

rFire  + . .     SeeInvis .     a - +3 triple crossbow of Scorn {speed, +Blink rPois Str-3}
rCold  . . .     Gourm    .     y - +1 ring mail of Unreason {*Drain Dex+4 Stlth+}
rNeg   . . .     Faith    .     (shield currently unavailable)
rPois  +         Spirit   .     x - +0 helmet
rElec  .         Reflect  +     (no cloak)
rCorr  .         Harm     .     Z - +2 pair of gloves {Dex+3}
MR     ++...                    (no barding)
Stlth  ++........               U - +2 amulet of reflection
                                A - ring of protection from fire
                                e - +6 ring of strength

@: about to teleport, mesmerised, very slightly contaminated, regenerating,
invisible, very quick
A: hooves 3, deformed body, speed 2, tough skin 3
a: Berserk, Trog's Hand, Burn Spellbooks, Renounce Religion, Evoke Blink


You were on level 6 of the Lair of Beasts.
You worshipped Trog.
Trog was most pleased with you.
You were not hungry.

You visited 3 branches of the dungeon, and saw 18 of its levels.
You also visited: Volcano.

You collected 1301 gold pieces.

Inventory:

Hand Weapons
 a - the +3 triple crossbow of Scorn (weapon) {speed, +Blink rPois Str-3}
   (You acquired it on level 2 of the Lair of Beasts)

   Attacks with this weapon are significantly faster.
   It affects your strength (-3).
   It protects you from poison.
   It lets you blink.
 b - a +2 whip of electrocution
 C - a +1 hand crossbow
 V - a +0 blowgun
Missiles
 d - 133 bolts (quivered)
 w - 2 needles of confusion
 K - 8 curare-tipped needles
 L - 41 poisoned needles
 S - 6 needles of sleeping
Armour
 x - a +0 helmet (worn)
 y - the +1 ring mail of Unreason (worn) {*Drain Dex+4 Stlth+}
   (You found it on level 2 of the Lair of Beasts)

   It affects your dexterity (+4).
   It causes draining when unequipped.
   It makes you more stealthy.
 Z - a +2 pair of gloves of dexterity (worn)
Jewellery
 e - a +6 ring of strength (left hand)
 l - an uncursed ring of protection from cold
 A - a ring of protection from fire (right hand)
 M - an uncursed ring of protection from cold
 U - a +2 amulet of reflection (around neck)
 W - an uncursed ring of protection from magic {unknown}
Wands
 c - a wand of lightning (0/15)
 n - a wand of enslavement (14/24)
 p - a wand of hasting (6/9)
 F - a wand of disintegration (8/24)
 G - a wand of disintegration (10/24)
 H - a wand of lightning (10/15)
 Q - a wand of iceblast (14/15)
 T - a wand of iceblast (6/15)
Scrolls
 g - 8 scrolls of identify
 j - 2 scrolls of recharging
 o - a scroll of blinking
 q - 2 scrolls of teleportation
 s - 7 scrolls of remove curse
 E - a scroll of fear
Potions
 h - 6 potions of haste
 m - 3 potions of mutation
 v - a potion of beneficial mutation
 B - 3 potions of heal wounds
 D - 3 potions of resistance
 I - 5 potions of flight
 N - 2 potions of berserk rage
 R - a potion of might {unknown}
Books
 k - a book of Changes

   Spells                             Type                      Level
   a - Beastly Appendage              Transmutation                1
   b - Sticks to Snakes               Transmutation                2
   c - Spider Form                    Transmutation/Poison         3
   d - Ice Form                       Ice/Transmutation            4
   e - Blade Hands                    Transmutation                5
   Trog disapproves of the use of such an item.
 r - a book of Unlife

   Spells                             Type                      Level
   a - Recall                         Summoning/Translocation      3
   b - Animate Dead                   Necromancy                   4
   c - Control Undead                 Necromancy                   4
   d - Cigotuvi's Embrace             Necromancy                   5
   e - Death Channel                  Necromancy                   6
   f - Simulacrum                     Ice/Necromancy               6
   Trog disapproves of the use of such an item.
 J - a book of Callings

   Spells                             Type                      Level
   a - Summon Small Mammal            Summoning                    1
   b - Call Imp                       Summoning                    2
   c - Call Canine Familiar           Summoning                    3
   d - Summon Guardian Golem          Hexes/Summoning              3
   e - Summon Lightning Spire         Summoning/Air                4
   f - Summon Ice Beast               Ice/Summoning                4
   Trog disapproves of the use of such an item.
Comestibles
 f - 12 bread rations
 i - a slice of pizza
 t - 5 meat rations
 u - 36 fruits
 O - 9 royal jellies
 P - 7 beef jerkies
 X - 8 chunks of flesh


   Skills:
 + Level 11.0 Fighting
 + Level 9.9 Maces & Flails
 * Level 16.3 Crossbows
 + Level 8.3 Armour
 - Level 1.3 Dodging
 - Level 0.4 Stealth


You had 12 spell levels left.
You didn't know any spells.

Dungeon Overview and Level Annotations

Branches:
Dungeon (11/15)            Temple (1/1) D:7            Lair (6/6) D:11
 Shoals (0/4) Lair:2       Spider (0/4) Lair:4          Orc (0/2) D:10
  Slime: Lair:5-6

Altars:
Ashenzari
Cheibriados
Dithmenos
Elyvilon
Fedhas
Gozag
Hepliaklqana
Kikubaaqudgha
Makhleb
Nemelex Xobeh
Okawaru
Qazlal
Ru
Sif Muna
Trog
Uskayaw
Vehumet
Xom
Yredelemnul
Zin
The Shining One


Innate Abilities, Weirdness & Mutations

You have hooves in place of feet.
Armour fits poorly on your strangely shaped body.
You cover ground very quickly.
You have extremely tough skin. (AC +3)


Message History

The crocodile barely misses you.
Okay, then.
You blink.
Splash!
You feel slightly more hungry. 2 wolves and a harpy come into view.
You feel the effects of Trog's Hand fading.
The wolf howls! x2; You hear a trumpeting!
The pull of its song draws you forwards.
The merfolk avatar chants its luring song.
The eight-headed hydra bites you but does no damage.
The eight-headed hydra bites you.
* * * LOW HITPOINT WARNING * * *
The eight-headed hydra bites you but does no damage. x2
The eight-headed hydra barely misses you.
The eight-headed hydra bites you!
* * * LOW HITPOINT WARNING * * *
The eight-headed hydra bites you but does no damage.
The eight-headed hydra bites you!
You die...

...............P#.
######..........<......
. ≈.#.≈.........÷.......
≈.
≈.≈≈....≈.P.≈...≈≈.≈..
#≈≈≈≈≈≈≈≈≈≈##≈≈≈#P≈≈#≈.P
P≈≈##≈≈##§≈≈#≈≈##≈≈#≈...
≈≈≈≈≈P≈≈≈≈≈≈≈≈≈(≈≈≈≈P#
≈##≈≈t#≈≈≈≈≈(#≈≈≈≈≈≈##
#≈≈≈@D≈≈≈≈≈≈≈#≈≈≈#..#
#≈≈≈Y≈#≈#m≈≈≈#≈≈##..#
#.≈≈≈≈≈#≈≈≈≈8#≈≈≈P..#
#####...h#####≈≈≈≈..#
≈≈W≈≈≈≈ #≈≈##..# #≈≈≈≈≈≈
#≈≈##... H≈hW≈≈≈#≈≈≈≈...
)??Y≈#≈.≈PPP...
≈≈#≈≈##≈≈.


You could see a dire elephant (wandering), a merfolk avatar, an eight-headed
hydra, an elephant, a harpy, a crocodile, 2 wolves and 2 drowned souls.

Vanquished Creatures
  Josephine (Lair:5)
  A fire dragon (Volcano)
  3 hydras
  Urug (Lair:6)
  A fire crab (Lair:3)
  A lindwurm (Volcano)
  An oklob plant (Lair:4)
  3 elephants
  Maurice (D:9)
  4 black mambas
  2 molten gargoyles (Volcano)
  2 sirens (Lair:2)
  A gargoyle (D:10)
  14 spiny frogs
  6 rime drakes
  3 kobold demonologists (D:11)
  7 komodo dragons
  3 jumping spiders (Lair:4)
  2 merfolk (Lair:2)
  A polar bear (Lair:3)
  4 two-headed ogres
  A hornet (D:10)
  Grinder (D:5)
  9 blink frogs
  Prince Ribbit (D:6)
  5 hippogriffs
  3 redbacks (Lair:4)
  2 wyverns (Lair:4)
  29 yaks
  5 wraiths (Lair:5)
  6 fire bats (Volcano)
  2 steam dragons (Volcano)
  2 basilisks
  2 hungry ghosts
  A soldier ant (D:10)
  14 water moccasins
  6 porcupines
  A black bear (D:7)
  4 orc warriors
  2 centaurs
  A phantom (D:8)
  3 ogres
  11 crocodiles
  The ghost of ARFLORD the Cudgeler, an amateur GrFi (D:3)
  Blork the orc (D:4)
  32 bullfrogs
  A gnoll sergeant (D:5)
  A big kobold (D:11)
  5 scorpions
  6 wights
  5 killer bees
  A howler monkey (D:7)
  6 crimson imps
  4 lava snakes (Volcano)
  2 bullfrog zombies
  4 bullfrog skeletons
  7 hounds
  3 jellies (D:9)
  9 orc wizards
  5 orc priests
  5 centaur skeletons
  Ijyb (D:2)
  Terence (D:2)
  An iguana (D:8)
  14 worker ants
  A killer bee zombie (D:6)
  3 hound zombies
  2 worker ant zombies
  A hound skeleton (D:9)
  12 gnolls
  14 adders
  5 river rats
  A shadow imp (D:5)
  An ooze (D:1)
  3 worms
  5 dart slugs
  5 leopard geckos
  34 orcs
  2 ball pythons (D:6)
  5 giant cockroaches
  7 goblins
  6 hobgoblins
  4 jackals
  9 quokkas
  10 bats
  6 frilled lizards
  A jackal zombie (D:7)
  9 kobolds
  2 quokka skeletons
  18 rats
  A spectral orc (D:2)
455 creatures vanquished.

Vanquished Creatures (others)
  2 fungi
  5 plants
7 creatures vanquished.

Grand Total: 462 creatures vanquished

Notes
Turn   | Place    | Note
-------+----------+-------------------------------------------
     0 | D:1      | gg19 the Centaur Hunter began the quest for the Orb.
     0 | D:1      | Reached XP level 1. HP: 17/17 MP: 1/1
   134 | D:1      | Reached XP level 2. HP: 14/24 MP: 2/2
  1103 | D:2      | Reached XP level 3. HP: 30/30 MP: 3/3
  1105 | D:2      | Reached skill level 5 in Crossbows
  1276 | D:2      | Found a basalt altar of Yredelemnul.
  1384 | D:2      | Noticed Terence
  1391 | D:2      | Killed Terence
  1391 | D:2      | Reached skill level 1 in Maces & Flails
  1425 | D:2      | Reached XP level 4. HP: 37/37 MP: 4/4
  1432 | D:2      | Reached skill level 1 in Armour
  1741 | D:2      | Noticed Ijyb
  1758 | D:2      | Killed Ijyb
  1987 | D:3      | Noticed ARFLORD's ghost (amateur GrFi)
  2490 | D:3      | Reached XP level 5. HP: 44/44 MP: 5/5
  3141 | D:3      | Killed ARFLORD's ghost
  3303 | D:3      | Reached skill level 6 in Crossbows
  3443 | D:4      | Reached XP level 6. HP: 51/51 MP: 6/6
  4125 | D:4      | Noticed Blork the orc
  4140 | D:4      | Killed Blork the orc
  4347 | D:5      | Entered Level 5 of the Dungeon
  4395 | D:5      | Found a shattered altar of Ashenzari.
  4396 | D:5      | Reached XP level 7. HP: 58/58 MP: 7/7
  4502 | D:5      | Reached skill level 7 in Crossbows
  4504 | D:5      | Noticed Prince Ribbit
  4827 | D:5      | Noticed Grinder
  4836 | D:5      | Killed Grinder
  5090 | D:5      | Reached XP level 8. HP: 49/67 MP: 8/8
  5856 | D:5      | Reached skill level 8 in Crossbows
  6627 | D:6      | Killed Prince Ribbit
  6627 | D:6      | Reached skill level 5 in Fighting
  6777 | D:6      | Reached skill level 9 in Crossbows
  7834 | D:7      | Reached XP level 9. HP: 32/74 MP: 9/9
  8216 | D:7      | Found a staircase to the Ecumenical Temple.
  8225 | Temple   | Entered the Ecumenical Temple
  8515 | Temple   | Became a worshipper of Trog the Wrathful
  9244 | D:8      | Found a hazy altar of Hepliaklqana.
  9245 | D:8      | Found an iron altar of Okawaru.
  9307 | D:8      | Reached skill level 5 in Maces & Flails
  9644 | D:8      | Reached * piety under Trog
  9644 | D:8      | Reached skill level 10 in Crossbows
  9958 | D:8      | Found a shattered altar of Ashenzari.
  9962 | D:8      | Found a sacrificial altar of Ru.
  9970 | D:8      | Found an opulent altar of Gozag.
 10112 | D:8      | Found a white marble altar of Elyvilon.
 10776 | D:9      | Found a stormy altar of Qazlal.
 11063 | D:9      | Found a deep blue altar of Sif Muna.
 11423 | D:9      | Noticed Maurice
 11516 | D:9      | Found a sparkling altar of Nemelex Xobeh.
 11516 | D:9      | Found a glowing golden altar of the Shining One.
 11924 | D:9      | Killed Maurice
 11924 | D:9      | Reached XP level 10. HP: 84/84 MP: 10/10
 12060 | D:10     | Entered Level 10 of the Dungeon
 12070 | D:10     | Reached skill level 11 in Crossbows
 12305 | D:10     | Reached skill level 5 in Armour
 12382 | D:10     | Noticed a gargoyle
 12417 | D:10     | Killed a gargoyle
 13417 | D:10     | Reached ** piety under Trog
 13840 | D:10     | Found a staircase to the Orcish Mines.
 13956 | D:11     | Noticed a brown ugly thing
 14502 | D:10     | Reached skill level 12 in Crossbows
 14766 | D:11     | Noticed a smoke demon
 14769 | D:11     | Noticed a sixfirhy
 14769 | D:11     | Noticed an orange demon
 14771 | D:11     | Noticed an orange demon
 14778 | D:11     | Noticed a sun demon
 14789 | D:11     | Noticed a smoke demon
 14793 | D:11     | Reached *** piety under Trog
 14809 | D:11     | Reached XP level 11. HP: 37/94 MP: 11/11
 15536 | D:11     | Found a staircase to the Lair.
 16399 | Lair:1   | Entered Level 1 of the Lair of Beasts
 17558 | Lair:1   | Received a gift from Trog
 18109 | Lair:1   | Reached skill level 13 in Crossbows
 19230 | Lair:2   | Identified a scroll of acquirement
 19231 | Lair:2   | Got a transparent triple crossbow
 19232 | Lair:2   | Identified the +3 triple crossbow of Scorn {speed, +Blink rPois Str-3} (You acquired it on level 2 of the Lair of Beasts)
 19363 | Lair:2   | Got a crude ring mail
 19374 | Lair:2   | Identified the cursed +1 ring mail of Unreason {*Drain Dex+4 Stlth+} (You found it on level 2 of the Lair of Beasts)
 19792 | Lair:2   | Received a gift from Trog
 19893 | Lair:2   | Reached XP level 12. HP: 90/104 MP: 12/12
 20599 | Lair:2   | Found a staircase to the Shoals.
 20652 | Lair:2   | Reached skill level 14 in Crossbows
 21275 | Lair:3   | Noticed a six-headed hydra
 21280 | Lair:3   | Killed a six-headed hydra
 21328 | Lair:3   | Found a dark tunnel.
 21333 | Volcano  | Entered a volcano
 21335 | Volcano  | Received a gift from Trog
 21710 | Volcano  | Found a bloodstained altar of Trog.
 21805 | Volcano  | Noticed a fire dragon
 21815 | Volcano  | Killed a fire dragon
 21815 | Volcano  | Reached skill level 10 in Fighting
 22636 | Lair:4   | Noticed a six-headed hydra
 22637 | Lair:4   | Killed a six-headed hydra
 22637 | Lair:4   | Reached **** piety under Trog
 22637 | Lair:4   | Reached skill level 15 in Crossbows
 22939 | Lair:4   | Noticed an eight-headed hydra
 22942 | Lair:4   | Killed an eight-headed hydra
 23058 | Lair:4   | Reached XP level 13. HP: 113/113 MP: 13/13
 24407 | Lair:4   | Found a hole to the Spider Nest.
 24615 | Lair:4   | Received a gift from Trog
 25505 | Lair:5   | Noticed Urug
 25507 | Lair:5   | Noticed Josephine
 25520 | Lair:5   | Killed Josephine
 25520 | Lair:5   | Received a gift from Trog
 25917 | Lair:6   | Entered Level 6 of the Lair of Beasts
 25952 | Lair:6   | Reached skill level 16 in Crossbows
 26327 | Lair:5   | Received a gift from Trog
 26811 | Lair:6   | Killed Urug
 26975 | Lair:6   | HP: 1/116 [eight-headed hydra (8)]
 26975 | Lair:6   | Mangled by an eight-headed hydra

Skill      XL: |  1  2  3  4  5  6  7  8  9 10 11 12 13 |
---------------+----------------------------------------+-----
Crossbows      | 5 6 7 9 10 12 13 15 16 | 16.3
Maces & Flails | 1 2 3 4 5 6 8 9 |  9.9
Armour         | 1 2 3 4 5 6 7 8 |  8.3
Fighting       | 3 4 5 6 7 9 10 11 | 11.0
Dodging        | |  1.3
Stealth        | |  0.4

Action                   |  1- 3 |  4- 6 |  7- 9 | 10-12 | 13-15 || total
-------------------------+-------+-------+-------+-------+-------++-------
Melee: Club              |    10 |       |       |       |       ||    10
       Kick              |     9 |    39 |   101 |   169 |    74 ||   392
       Whip              |    35 |   150 |   339 |   535 |   137 ||  1196
       Hand crossbow     |       |       |     2 |       |       ||     2
 Fire: Hand crossbow     |    24 |    57 |    89 |   142 |       ||   312
       Triple crossbow   |       |       |       |   186 |   130 ||   316
Invok: Berserk           |       |       |     1 |     5 |     3 ||     9
       Trog's Hand       |       |       |       |     6 |     8 ||    14
 Abil: Evoke Blink       |       |       |       |       |     1 ||     1
Evoke: Wand              |       |       |       |       |     2 ||     2
  Use: Scroll            |       |       |    17 |    13 |     6 ||    36
       Potion            |       |       |       |     5 |     5 ||    10
 Stab: Sleeping          |       |       |       |       |     1 ||     1
  Eat: Chunk             |     1 |     8 |    15 |    31 |    12 ||    67
       Fruit             |       |       |     5 |     8 |     5 ||    18
       Pizza             |       |       |       |     1 |       ||     1
       Beef jerky        |       |       |       |     1 |       ||     1
Armor: Leather armour    |    24 |       |       |       |       ||    24
       Scale mail        |     1 |    63 |   137 |   166 |       ||   367
       Ring mail         |       |       |       |    49 |    74 ||   123
Dodge: Dodged            |    25 |    53 |   123 |   191 |    59 ||   451
Block: Other             |       |       |       |     4 |     9 ||    13
